Unix NetHack Version 5.0.0-0 post-release - last build May 10 2026 23:12:36 (d1fa5d53e341ca933230fdaa984d921c805b60aa,branch:main).

Game began 2026-05-13 00:10:33, ended 2026-05-13 01:14:54.

Hareimo, chaotic male human Wizard

                        -----------       -----------
                        |.........|     ---..``|``..|
                        |.........|     |>.....|....|
                        |.........|     ---.........|
                        |....<....|       |....|....|
                        |..`..%...|      ---------q-|
                        |.........|      |.....|`..@|
                        |.........|      |.....|....|
                        |.........|      |....[.....|
                        |.----------------.....|....|
                        |................^.....|....|
                        -----------------------------

Hareimo the Thaumaturge   St:11 Dx:13 Co:17 In:18 Wi:12 Ch:9  Chaotic
Dlvl:5  $:0  HP:0(57) Pw:14(75) AC:3  Xp:7 T:4502  Satiated

Latest messages:
 The kobold mummy resists!
 In what direction? 4
 The spell hits the kobold mummy!
 You destroy the kobold mummy!
 You see here a vampire bat corpse.
 You see here a mummy wrapping.
 T - a mummy wrapping.
 You climb up the stairs.
 You see here a food ration.
 s - a food ration (5 in total).
 Really step into that hole? [yn] (n) n
 Autopickup: ON, for all objects.
 Really step into that hole? [yn] (n) y
 U - an ivory ring.
 Air currents pull you down into a hole!
 Autopickup: OFF.
 You hit the fog cloud!
 You hit the fog cloud!
 You miss the fog cloud.
 You miss the fog cloud.
 You miss the fog cloud.
 You hit the fog cloud!
 The fog cloud engulfs you!
 You are laden with moisture and can barely breathe!
 You destroy the fog cloud!
 The ettin zombie hits!
 The ettin zombie hits again!
 You can't go up here.
 You descend the stairs.
 The ettin zombie hits!
 The ettin zombie misses!
 The large cat bites the ettin zombie.
 The large cat bites the ettin zombie.
 The large cat bites the ettin zombie.
 The large cat misses the ettin zombie.
 The large cat misses the ettin zombie.
 The large cat misses the ettin zombie.
 The large cat bites the ettin zombie.
 The ettin zombie is destroyed!
 The large cat bites the leprechaun.
 In what direction? 6
 The spell hits the giant bat!
 The giant bat misses!
 You kill the giant bat!
 You escape a rolling boulder trap.
 You see here a pearl ring.
 The mumak butts!
 The mumak bites!
 You die...
 Do you want your possessions identified? [ynq] (y) q

Inventory:
 Weapons  (')')
  M - 7 poisoned +0 orcish arrows
  G - a +0 elven dagger
  r - 2 +0 orcish daggers
  a - a blessed +1 quarterstaff (weapon in hands)
 Armor    ('[')
  v - an uncursed +0 orcish helm (being worn)
  i - an uncursed +0 pair of gauntlets of dexterity (being worn)
  f - an uncursed +0 pair of jumping boots (being worn)
  b - an uncursed +0 cloak of magic resistance (being worn)
  J - an uncursed +0 mummy wrapping
  T - an uncursed +0 mummy wrapping
  Y - an uncursed +0 studded leather armor (being worn)
 Comestibles  ('%')
  I - 2 uncursed slime molds
  t - an uncursed carrot
  o - an uncursed cream pie
  s - 5 uncursed food rations
  z - an uncursed lembas wafer
  S - 2 uncursed pancakes
  H - an uncursed pear
  F - an uncursed tin of pureed jaguar meat
  u - an uncursed egg
  L - an uncursed lizard corpse
 Scrolls  ('?')
  A - an uncursed scroll of earth
  y - a cursed scroll of earth
  l - an uncursed scroll of identify
  B - an uncursed scroll of light
  p - an uncursed scroll of magic mapping
 Potions  ('!')
  h - 3 uncursed potions of healing
  P - a blessed potion of object detection
 Rings    ('=')
  W - an uncursed ring of conflict
  x - an uncursed +2 ring of gain strength
  E - an uncursed ring of regeneration
  d - an uncursed ring of searching
  U - an uncursed ring of shock resistance
  q - an uncursed ring of stealth
  X - an uncursed ring of sustain ability
  e - an uncursed ring of warning
 Wands    ('/')
  w - a wand of fire (0:0)
  N - a wand of magic missile (0:0)
  D - a wand of polymorph (0:4)
  O - a wand of slow monster (0:5)
  c - a wand of striking (0:3)
  R - a wand of undead turning named nadda (0:6)
 Tools    ('(')
  n - a magic marker (0:19)
  K - a cursed oil lamp
  C - an uncursed stethoscope
  j - a blessed partly used wax candle

Hareimo the Wizard's attributes:

Background:
 You were a Thaumaturge, a level 7 male human Wizard.
 You were chaotic, on a mission for Anhur
 who was opposed by Ptah (lawful) and Thoth (neutral).
 You were right-handed.
 You were in Sokoban, on level 5.
 You entered the dungeon 4502 turns ago.
 It was nighttime.
 You had 979 experience points, 301 more were needed to attain level 8.

Basics:
 You had 0 out of 57 hit points.
 You had 14 out of 75 energy points (spell power).
 Your armor class was 3.
 Your wallet was empty.
 Autopickup was off.

Final Characteristics:
 Your strength was 11 (limit:18/100).
 Your dexterity was 13 (limit:18).
 Your constitution was 17 (limit:18).
 Your intelligence was 18 (limit:18).
 Your wisdom was 12 (limit:18).
 Your charisma was 9 (limit:18).

Final Status:
 You were satiated.
 You were unencumbered.
 You were wielding a quarterstaff.
 You had basic skill with quarterstaff.

Final Attributes:
 You were piously aligned.
 You were magic-protected.
 You were telepathic.
 You could jump.
 You were warded.
 You are dead.

Miscellaneous:
 You didn't encounter any bones levels.
 Total elapsed playing time was 1 hour, 4 minutes and 19 seconds.

Major events:
 Turn
    1: Hareimo the chaotic male human Wizard entered the dungeon
  528: entered the Gnomish Mines
  968: attained the rank of Conjurer (level 3)
 2345: entered Sokoban
 2686: completed 1st Sokoban level
 3061: completed 2nd Sokoban level
 3228: attained the rank of Thaumaturge (level 6)
 4226: completed 3rd Sokoban level
 4502: killed by a mumak

Spells:
 Name                 Level Category     Fail Retention
 force bolt             1   attack         0%   71%-80%
 remove curse           3   clerical      80%  76%-100%

Skills:
 Fighting Skills
   bare handed combat [Unskilled]
   riding             [Unskilled]
 Weapon Skills
   dagger             [Unskilled]
   knife              [Unskilled]
   axe                [Unskilled]
   short sword        [Unskilled]
   club               [Unskilled]
   mace               [Unskilled]
   quarterstaff       [Basic]
   polearms           [Unskilled]
   spear              [Unskilled]
   trident            [Unskilled]
   sling              [Unskilled]
   dart               [Unskilled]
   shuriken           [Unskilled]
 Spellcasting Skills
   attack spells      [Basic]
   healing spells     [Unskilled]
   divination spells  [Unskilled]
   enchantment spells [Basic]
   clerical spells    [Unskilled]
   escape spells      [Unskilled]
   matter spells      [Unskilled]

Voluntary challenges:
 Character rerolling was not enabled.
 You never genocided any monsters.
 You never polymorphed an object.
 You never changed form.
 You used no wishes.
 You did not violate any of the special Sokoban rules.
Achievements:
 You entered the Gnomish Mines.
 You entered a shop.
 You attained the rank of Conjurer.
 You entered Sokoban.
 You attained the rank of Thaumaturge.

 The Dungeons of Doom: levels 1 to 7
    Level 1: "vault"
       A sink.
    Level 2:
       A general store, a sink.
       Stairs down to The Gnomish Mines.
    Level 3:
       A fountain, a grave.
    Level 4: "stash"
       A fountain.
    Level 5: "stash"
       An armor shop, a fountain.
    Level 6:
    Level 7:
       A fountain.
       Stairs up to Sokoban, level 6.
 The Gnomish Mines:
    Level 3:
 Sokoban: levels 6 up to 3
    Level 3:
       Unsolved.
    Level 4:
       Solved.
    Level 5: <- You were here.
       Solved.
       Final resting place for
          you, killed by a mumak.
    Level 6:
       Solved.


Vanquished creatures:
  a gelatinous cube
  a tengu
 an elf mummy
 an ettin zombie
  a leather golem
  a giant beetle
  a wolf
  a leprechaun
  a scorpion
  a vampire bat
 an owlbear
  a lizard
  a dingo
  a dust vortex
  a gnome mummy
 an ape
  2 fire ants
  a wood nymph
  2 Uruk-hai
 an orc shaman
  a rock piercer
  a fog cloud
  3 yellow lights
  a kobold mummy
  2 giant ants
  a floating eye
  a kitten
  a dwarf
  3 giant bats
  a werejackal
  2 acid blobs
  2 hobbits
  a giant rat
  a cave spider
  a brown mold
  6 jackals
  a kobold
  5 goblins
  4 lichens
  a kobold zombie
  2 newts
63 creatures vanquished.

No species were genocided or became extinct.

Game over:
                       ----------
                      /          \
                     /    REST    \
                    /      IN      \
                   /     PEACE      \
                  /                  \
                  |     Hareimo      |
                  |       0 Au       |
                  |   killed by a    |
                  |      mumak       |
                  |                  |
                  |                  |
                  |       2026       |
                 *|     *  *  *      | *
        _________)/\\_//(\/(/\)/\//\/|_)_______

Goodbye Hareimo the Wizard...

You died in Sokoban on dungeon level 5 with 4226 points,
and 0 pieces of gold, after 4502 moves.
You were level 7 with a maximum of 57 hit points when you died.

